[Event "FTX Crypto Cup MCCT 2022"]
[Site "Miami"]
[Date "2022.08.11"]
[Round "3.2"]
[White "Carlsen, Magnus"]
[Black "Aronian, Levon"]
[Result "1/2-1/2"]
[ECO "E90"]
[WhiteElo "2864"]
[BlackElo "2775"]
[Annotator "TA"]
[PlyCount "136"]
[EventDate "2022.08.10"]
[EventType "tourn"]
[EventCountry "USA"]
[SourceTitle "playchess.com"]
[Source "ChessBase"]
[SourceQuality "1"]
[TimeControl "900+10"]

1. d4 Nf6 2. Nf3 g6 3. c4 Bg7 4. Nc3 O-O 5. e4 d6 6. Bd3 e5 7. d5 Nh5 {[%emt 0:00:17] E90: King's Indian: Classical: Early deviations and 6 h3.} 8. g3 Na6 9. Be2 Qe8 10. Be3 f5 11. exf5 {[%emt 0:00:02] [#]} Bxf5 $146 ({Predecessor:} 11... gxf5 12. Nh4 Nf6 13. Qd2 Nc5 14. O-O-O Nfe4 15. Nxe4 Nxe4 16. Qc2 c6 17. Rhg1 cxd5 18. Rxd5 {0-1 (42) Rudolph,S (1910)-Daverkausen,B (2137) Berlin 2015}) 12. Ng5 Nb4 ({Black should play} 12... Nf6 $14) 13. Nge4 Nf6 14. f3 a5 15. Nxf6+ Bxf6 16. Ne4 $1 Be7 17. O-O b6 18. g4 Bxe4 19. fxe4 Rxf1+ 20. Kxf1 h6 21. Qd2 ({Of course not} 21. Bxh6 g5 22. a3 Na6 $17) (21. c5 $5) 21... Bg5 22. Bxg5 hxg5 23. a3 (23. Kg2 {feels hotter.} Kg7 24. a3 Na6 25. Qxg5 Nc5 26. Rf1) 23... Na6 24. Qxg5 Nc5 25. Kg2 ({Reject} 25. Qe3 Qa4 $11) (25. Kg1 {keeps more tension.} Nxe4 26. Qh6 Qf7 27. Rf1) 25... Nxe4 26. Qe3 ({White should try} 26. Qh6 $14 Qf7 27. Rf1) 26... Nc5 $11 27. Rf1 {[%emt 0:00:05] [#] Strongly threatening Qh6.} Qe7 28. b4 axb4 29. axb4 Nd7 30. Qe4 Nf8 31. Kg3 Ra3+ 32. Rf3 {[%emt 0:00:08] Active counter play!} Rxf3+ 33. Qxf3 {[%emt 0:01:16][%mdl 4096] Endgame KQB-KQN} e4 34. Qf4 Nh7 35. h4 g5 36. hxg5 Nxg5 37. Qf5 Kg7 38. Kf4 Kh6 39. Ke3 Qg7 40. Kf4 Nh3+ 41. Kxe4 {[%emt 0:01:16][%csl Ge2,Gg4][%cal Rf5h5] [#]} Ng5+ 42. Kd3 Qb2 43. Bd1 Qg7 {[%emt 0:01:42] Inhibits Qf8.} 44. Qf4 Qg6+ 45. Kc3 {[%emt 0:00:08] With the idea Bc2.} Kg7 $1 {[%emt 0:00:01] The position is equal.} 46. Qe3 Nf7 $1 47. c5 bxc5 48. bxc5 (48. Bc2 {with more complications.} cxb4+ 49. Kb3 Qxg4 50. Qe7) 48... Qf6+ 49. Qd4 Ne5 50. cxd6 cxd6 51. Bc2 Qf3+ 52. Kb2 Qxg4 53. Qxg4+ Nxg4 {[%emt 0:00:01] KB-KN} 54. Kc3 Ne3 55. Be4 Kf6 56. Kd4 Nf5+ 57. Bxf5 Kxf5 {[%emt 0:00:01] KP-KP} 58. Kd3 Ke5 59. Ke3 Kxd5 {[%emt 0:00:01] KP-K} 60. Kd3 Ke5 61. Ke3 d5 62. Kd3 d4 63. Kd2 Ke4 64. Ke2 d3+ 65. Kd2 Kd4 66. Kd1 Ke3 {[%emt 0:00:00] ( -> ...d2)} (66... Ke4 $5) 67. Ke1 d2+ 68. Kd1 Kd3 {[%emt 0:00:00] Weighted Error Value: White=0.07 (flawless) /Black=0.05 (flawless)} 1/2-1/2

[Event "FTX Crypto Cup MCCT 2022"]
[Site "Miami"]
[Date "2022.08.11"]
[Round "3.2"]
[White "Firouzja, Alireza"]
[Black "Giri, Anish"]
[Result "1/2-1/2"]
[ECO "E46"]
[WhiteElo "2793"]
[BlackElo "2760"]
[Annotator "TA"]
[PlyCount "112"]
[EventDate "2022.08.10"]
[EventType "tourn"]
[EventCountry "USA"]
[SourceTitle "playchess.com"]
[Source "ChessBase"]
[SourceQuality "1"]
[TimeControl "900+10"]

1. d4 Nf6 2. c4 e6 3. Nc3 Bb4 4. e3 O-O 5. Bd2 d5 6. a3 Be7 7. Nf3 {[%emt 0:00:04] E46: Nimzo-Indian: Rubinstein: 4 e3 0-0 5 Ne2 without early Bd3.} Nbd7 8. cxd5 exd5 9. Bd3 c6 10. Qc2 {[%emt 0:00:21] [#]} Bd6 $146 ({Predecessor:} 10... Re8 11. O-O Nb6 12. Rfc1 h6 13. h3 Be6 14. Na4 Nxa4 15. Qxa4 Ne4 16. Be1 Bf6 {1-0 (36) McDonald,D (1307)-Esposito,D (1477) Tuggeranong 2013}) 11. g4 g6 12. h4 (12. h3 $11) 12... Nxg4 $17 13. h5 Qf6 (13... Qe7 $17 {And now ...Ndf6 would win.} 14. Kf1 Ndf6) 14. Ke2 $1 $15 Nb6 (14... Qe7 $1 $15 15. Rag1 Ndf6) 15. Rag1 $1 $11 c5 $2 (15... Re8 $11 {and Black stays safe.}) 16. dxc5 $18 Bxc5 17. Rh4 (17. Nxd5 Nxd5 18. Qxc5 Bf5 $14) (17. Nd1 $1 $18 Be7 18. Bc3) 17... Ne5 $16 18. Rf4 {[%emt 0:01:10] Active counter play!} Qe7 19. Nb5 (19. Nxe5 $1 $16 Qxe5 20. Rh4) 19... Nbc4 $1 $36 {[%emt 0:01:46][%mdl 2048] White is under pressure.} 20. Ng5 (20. b4 $11 Nxd3 21. Qxd3 Nxd2 22. Kxd2) 20... Nxd2 $15 (20... Nxd3 21. Qxd3 Ne5 22. Qxd5 Bg4+ 23. Rgxg4 $11 (23. Rfxg4 Rad8 $15)) 21. Qxd2 (21. Kxd2 $15 Bd7 22. Qb3) 21... Bd7 (21... h6 $17 22. Nf3 g5 23. Nxe5 Qxe5) 22. Nc7 Rad8 $1 (22... Bg4+ 23. Rgxg4 Qxc7 24. hxg6 fxg6 25. Ne6 $14) 23. Nxd5 {[%emt 0:00:09] [#]} (23. hxg6 $15 hxg6 24. Qc2) 23... Bg4+ $1 $19 24. Rfxg4 Rxd5 25. hxg6 hxg6 (25... Nxd3 26. gxh7+ Kh8 27. Qc3+ Qe5 28. Ne4 Qxc3 29. bxc3 Nc1+ 30. Rxc1 $18) 26. Re4 Qf6 ({Not} 26... Rxd3 27. Qxd3 Nxd3 28. Rxe7 Bxe7 29. Kxd3 $11) (26... Re8 27. Qc3 Rxd3 28. Qxd3 Nxd3 29. Rxe7 Nf4+ 30. Kf3 Bxe7 31. Kxf4 $15) 27. Qc3 {[%emt 0:00:05] Threatens to win with Bc4.} Rfd8 (27... Be7 $19 28. Rxe5 Qxe5 29. Qxe5 Rxe5) 28. Rxe5 (28. Rf4 $1 $15 Qh8 29. Be4 Qh5+ 30. Nf3 Rd2+ 31. Qxd2 Rxd2+ 32. Kxd2) 28... Rxe5 (28... Qxe5 $142 29. Qxe5 Rxe5) 29. Bc4 $2 {[%emt 0:00:08] [#]} (29. Nf3 $17 {might work better.} Re6 30. Qxc5 Rxd3 31. Kxd3 Qxf3 32. Qc8+ Kh7 33. Qd8) 29... Rd7 $2 (29... Bd4 $1 $19 30. Nxf7 Bxc3 31. Rxg6+ Qxg6 32. Nxe5+ Kg7 33. Nxg6 Rd2+ 34. Kf3 Bxb2) 30. Ne4 Qf5 {[%emt 0:00:05] White must now prevent ...Qh5+.} 31. Rxg6+ $1 Qxg6 32. Qxe5 Qg4+ (32... Be7 $5 ) 33. f3 Qg2+ 34. Nf2 {[%emt 0:00:01] Qe8+ is the strong threat. Dancing on a razor blade.} Bf8 35. Qf5 Re7 (35... Rc7 $5 36. b3 Qg7 $17) 36. Bd3 Qg7 {[%emt 0:00:03] Against Qh7+} 37. Ng4 Re6 38. Kf1 (38. b3 $11 {remains equal.}) 38... Rc6 $17 39. f4 Rb6 ({Black should try} 39... Rg6 $17 40. Bc4 Rxg4 41. Bxf7+ Qxf7 42. Qxg4+ Bg7) 40. Bc4 Qg6 $1 (40... Rxb2 {[#] gets mated.} 41. Nh6+ $1 (41. Nf6+ $2 Kh8 $19) 41... Kh8 42. Nxf7+ Kg8 43. Ne5+ Kh8 44. Ng6+) 41. Qxg6+ Rxg6 $15 {[%emt 0:00:00][%mdl 4096] Endgame KRB-KBN} 42. Ne5 Rf6 43. Bd5 Kg7 44. Ke2 Bd6 45. Nf3 b5 46. Nd4 b4 47. axb4 Bxb4 48. Nc6 Bc5 49. b4 Bb6 50. Ne5 Bc7 {[%emt 0:00:02] Strongly threatening ...Bxe5.} 51. Nc6 Rd6 52. e4 Bb6 53. f5 f6 54. Kd3 Kf8 55. Kc4 Rxc6+ 56. Bxc6 $11 Ke7 {[%emt 0:00:01] What a bad dream for Black.  Weighted Error Value: White=0.25 (precise) /Black=0.30} 1/2-1/2

[Event "FTX Crypto Cup MCCT 2022"]
[Site "Miami"]
[Date "2022.08.11"]
[Round "3.2"]
[White "Duda, Jan-Krzysztof"]
[Black "Le, Quang Liem"]
[Result "0-1"]
[ECO "C54"]
[WhiteElo "2750"]
[BlackElo "2722"]
[Annotator "TA"]
[PlyCount "106"]
[EventDate "2022.08.10"]
[EventType "tourn"]
[EventCountry "USA"]
[SourceTitle "playchess.com"]
[Source "ChessBase"]
[SourceQuality "1"]
[TimeControl "900+10"]

1. e4 e5 2. Nf3 Nc6 3. Bc4 Nf6 4. d3 Bc5 5. O-O d6 6. c3 O-O 7. Bg5 h6 8. Bh4 a5 {[%emt 0:00:04] C54: Giuoco Piano: 4 c3 Nf6, main lines with 5 d4 and 5 d3.} 9. Nbd2 Ba7 $5 {[%emt 0:00:07][%mdl 4] An interesting side line.} 10. Re1 g5 {[%emt 0:00:15] The position is equal.} 11. Bg3 (11. Nxg5 $5 hxg5 12. Bxg5 $11) 11... Nh7 12. Nf1 h5 {[%emt 0:01:24] Strongly threatening ...h4.} 13. h4 g4 $1 14. N3d2 Ne7 15. d4 Ng6 {[%emt 0:00:06] [#]} 16. Qc2 $146 ({Better is} 16. Ne3 $15) ({Predecessor:} 16. dxe5 dxe5 17. Ne3 Bxe3 18. Rxe3 Qf6 19. Qf1 Nxh4 20. f3 Ng6 21. fxg4 hxg4 22. Rd1 Nf4 23. Qf2 Ng5 24. Bh4 Kg7 25. Kf1 Qh6 26. Ree1 {0-1 (26) Oomen,A (2041)-Tieken,F (2233) ICCF email 2017}) 16... Nxh4 $17 17. dxe5 Ng6 $1 {[%emt 0:00:13] aiming for ...h4.} 18. exd6 h4 $1 19. dxc7 {[%emt 0:01:08] [#]} (19. Bh2 $17 {keeps fighting.}) 19... Qe7 $2 (19... Qg5 $1 $19 20. Qd3 (20. Bd6 $2 Qf6 $19) 20... hxg3 21. Qxg3 Bb6) 20. Bh2 $11 ({Avoid the trap} 20. e5 $2 hxg3 21. Nxg3 (21. Qxg6+ $2 Kh8 $19) 21... Kh8 $19) 20... g3 21. Nxg3 hxg3 {[%emt 0:00:01] The board is on fire.} 22. Bxg3 Bb6 23. e5 Be6 24. Qb3 (24. Bxe6 $14 Qxe6 25. Ne4) 24... Ra6 25. Rad1 Bxc7 26. Qxb7 Rb6 27. Qe4 (27. Qf3 $1 $11) 27... Rxb2 $15 {[%emt 0:00:08] And now ...Ng5 would win.} 28. Nf3 {[%emt 0:00:07] White is now going downhill.} ({White should try} 28. Bxe6 $1 $15 Qxe6 29. Nf3) 28... Ng5 $36 {[%emt 0:02:40][%mdl 2048] Black is on the roll.} 29. Nxg5 Qxg5 30. Rd3 (30. Bxe6 {is a better defense.} fxe6 31. Rb1 Rxb1 32. Qxb1) 30... Bf5 31. Qe3 Qxe3 32. Rdxe3 Be6 33. Re4 Bb6 34. Rd1 (34. Bxe6 $142 fxe6 35. R1e2 Rb1+ 36. Re1) 34... Kg7 35. a4 $2 (35. Re2 Rxe2 36. Bxe2) 35... Rc2 36. Bxe6 fxe6 {[%emt 0:00:00] Black is clearly winning.} 37. Rg4 Bxf2+ 38. Bxf2 Rfxf2 ({Wrong is} 38... Rcxf2 $2 39. Rd6 R8f4 40. Rxf4 Rxf4 41. Rxe6 $19) 39. Rd6 {[%emt 0:00:38] [#]} Rf4 $1 40. Rg3 Rc1+ 41. Kh2 Rh4+ 42. Rh3 Rxh3+ 43. gxh3 Rxc3 {[%emt 0:00:30] Hoping for ...Nf4.} 44. Rxe6 {[%emt 0:00:12] [#]} Rxh3+ $3 {[%emt 0:00:02][%mdl 4608] Endgame KRN-KR} 45. Kg1 Rh5 46. Ra6 Rxe5 47. Kf2 Kf7 48. Kf3 Ne7 49. Kf4 Rh5 50. Ke3 Ke8 51. Ra7 Kd8 52. Kd3 Nc6 53. Rg7 Rh4 {[%emt 0:00:02] Weighted Error Value: White=0.53/Black=0.10 (very precise)} 0-1

[Event "FTX Crypto Cup MCCT 2022"]
[Site "Miami"]
[Date "2022.08.11"]
[Round "3.2"]
[White "Praggnanandhaa R"]
[Black "Niemann, Hans Moke"]
[Result "1-0"]
[ECO "D35"]
[WhiteElo "2648"]
[BlackElo "2688"]
[Annotator "TA"]
[PlyCount "111"]
[EventDate "2022.08.10"]
[EventType "tourn"]
[EventCountry "USA"]
[SourceTitle "playchess.com"]
[Source "ChessBase"]
[SourceQuality "1"]
[TimeControl "900+10"]

1. d4 Nf6 2. c4 e6 3. Nc3 d5 4. cxd5 exd5 5. Bg5 c6 6. e3 Bf5 7. Qf3 Bg6 8. Bxf6 Qxf6 9. Qxf6 gxf6 10. h4 h5 {[%emt 0:00:28] 10...h5 is better than 10...Nd7. D35: Queen's Gambit Declined: Exchange Variation.} 11. Nh3 Bd6 12. g3 Nd7 {[%emt 0:00:08] The position is equal.} 13. Kd2 $5 {[%emt 0:00:06][%cal Be1d2,Bd2e2,Be2f2][%mdl 4] [#] Exploring less charted territory.} Ke7 $146 ({Predecessor:} 13... Nf8 14. a3 Ne6 15. Nf4 Ke7 16. Re1 Rad8 17. Bd3 Bxf4 18. exf4 Bxd3 19. Kxd3 f5 {½-½ (29) Troia,E (2313)-Sciallero,V (2204) ICCF email 2013}) 14. Re1 f5 (14... Nb6 $11 {remains equal.}) 15. Nf4 $16 Nf6 16. f3 Bh7 17. Ke2 a5 18. Kf2 a4 19. Bd3 Kd7 20. Rc1 b5 21. Bb1 Rhg8 22. Nce2 Rge8 23. Nd3 Kc7 24. Rc3 Kb6 25. Rhc1 Rac8 26. Nef4 Bg6 27. Nc5 {[%emt 0:00:33] Pair of Knights!} Re7 28. Bd3 Bxf4 29. exf4 Ra7 30. Bf1 Ne8 31. Nd3 {[%emt 0:01:06] White is more active.} Nd6 32. Nb4 Rac7 33. b3 $36 {[%emt 0:01:09][%mdl 2048] White has strong initiative.} axb3 (33... a3 $16 34. Re3 Re8) 34. axb3 $18 f6 (34... Nb7 $142 35. Ke3 (35. Ra1 Nd8 $16) 35... Bh7) 35. Ra1 Be8 36. Ra6+ Kb7 37. Rc2 {[%emt 0:00:21][%cal Bc3c2,Bc2a2,Ba2a7][%mdl 32] Rca2 is the strong threat.} Rd8 (37... Re7 $142 38. Be2 Bd7) 38. Rca2 Kc8 39. Nd3 {[%emt 0:00:48] [#] Hoping for Nc5.} Nb7 40. Bh3 Bg6 41. Rb6 Kd7 42. Ra7 Rb8 43. Nb4 {[%emt 0:01:38] And now Na6 would win.} Na5 $2 (43... Nd6 {was worth a try.}) 44. Rxc7+ {[%emt 0:00:04] White is clearly winning.} ({Less strong is} 44. Rba6 Rbb7 45. Rxb7 Nxb7 $16) 44... Kxc7 45. Ra6 Nxb3 46. Rxc6+ Kb7 47. Rxf6 Be8 48. Rxf5 Rd8 49. Ke3 Rc8 50. Nxd5 Rc1 51. Re5 Bc6 52. Be6 Rc4 53. f5 Nxd4 54. Ne7 Nxf3 {[%emt 0:00:01] [#]} 55. Nxc6 (55. Rxb5+ $142 $3 Bxb5 56. Bxc4 (56. Kxf3 Rc1 $16) 56... Bxc4 57. Kxf3) 55... Kxc6 56. Kxf3 {[%emt 0:00:02] Weighted Error Value: White=0.11 (very precise) /Black=0.31} 1-0

[Event "FTX Crypto Cup MCCT 2022"]
[Site "Miami"]
[Date "2022.08.11"]
[Round "3.3"]
[White "Aronian, Levon"]
[Black "Carlsen, Magnus"]
[Result "1/2-1/2"]
[ECO "D02"]
[WhiteElo "2775"]
[BlackElo "2864"]
[Annotator "TA"]
[PlyCount "151"]
[EventDate "2022.08.10"]
[EventType "tourn"]
[EventCountry "USA"]
[SourceTitle "playchess.com"]
[Source "ChessBase"]
[SourceQuality "1"]
[TimeControl "900+10"]

1. d4 d5 2. Nf3 Nf6 3. c3 Nc6 4. g3 e6 5. Bg2 Bd6 6. O-O h6 7. Nbd2 O-O 8. Qc2 {[%emt 0:00:02] D02: 1 d4 d5 2 Nf3 sidelines, including 2...Nf6 3 g3 and 2...Nf6 3 Bf4.} e5 9. dxe5 Nxe5 10. Nxe5 {[%emt 0:00:02] White has an edge.} Bxe5 {[%emt 0:00:01] [#]} 11. c4 $146 ({Predecessor:} 11. Nf3 Bd6 12. Rd1 Re8 13. c4 dxc4 14. Qxc4 Qe7 15. e3 Rb8 16. Nd4 Be5 17. a3 {1-0 (54) Rabeda,G (1604)-Czaplewska,K Kolobrzeg 2009}) 11... c6 12. cxd5 Nxd5 13. a3 Qe7 14. Nb3 Re8 15. e4 Nf6 16. Be3 Be6 17. Rad1 Ng4 18. Bc1 Rad8 19. h3 {[%emt 0:00:31] [#] Hoping for Rxd8.} Nf6 20. Be3 Rxd1 21. Rxd1 Bb8 22. Nc5 Bc8 23. b4 Bc7 24. Qa4 Bb6 25. Qc2 a5 26. Re1 axb4 27. axb4 Bc7 28. Bd2 Nd7 29. f4 Nxc5 30. bxc5 b6 31. cxb6 Bxb6+ 32. Kh2 Rd8 33. Bc3 Qc5 34. Rc1 Qe3 {[%emt 0:00:07] aiming for ...Rd3.} 35. Re1 Qc5 36. e5 (36. Rc1 $11) 36... h5 (36... Be6 $15 37. Ra1 h5) 37. h4 $11 {[%emt 0:00:42] The position is equal.} Bg4 38. Ra1 Qe3 {[%emt 0:00:32] White must now prevent ...Rd3.} 39. Re1 Qf2 40. Qe4 g6 41. e6 Bxe6 42. Qxc6 {[%emt 0:00:05] Really sharp!} Bd4 {[%emt 0:01:07] Threatens to win with ...Bd5.} (42... Bd5 43. Re8+ Kh7 {[#]} 44. Qxd5 $3 Kh6 45. Rxd8 Qg1+ 46. Kh3) 43. Rxe6 Bxc3 (43... fxe6 44. Qxe6+ Kg7 45. Qe7+ Kh6 46. Qg5+ (46. Qxd8 Bxc3 47. Qe8 Kh7 $16) 46... Kh7 47. Qe7+ (47. Qxd8 Bxc3 48. Qe7+ Bg7 $16) 47... Kh6 48. Qg5+ (48. Qxd8 Bxc3 49. Qc8 Qe3 $16) 48... Kh7 49. Qe7+ (49. Qxd8 Bxc3 50. Qc7+ Bg7 $16) 49... Kh6 $16) 44. Qxc3 fxe6 {[%emt 0:00:02][%mdl 4096] Endgame KQR-KQB} 45. Qf6 Rd2 46. Qxg6+ Kf8 47. Qf6+ Ke8 48. Qxe6+ Kd8 49. Qe4 Re2 ({Don't play} 49... Rd1 50. Qa8+ Ke7 51. Qb7+ (51. Kh3 Rd2 $14) 51... Rd7 52. Qb4+ Rd6 53. Qe4+ Kd8 54. Qa8+ Ke7 55. Qe4+ Kd8 56. Kh3 $14) 50. Qd5+ Ke7 51. Kh3 Rd2 52. Qe5+ Kd7 53. Qe4 Kd6 54. Qf3 Ke6 ({But not} 54... Qxf3 55. Bxf3 Rf2 56. Bxh5 $18) 55. Qb7 Kf6 56. Qc6+ Ke7 57. Qf3 Kf6 58. Qe4 {[%emt 0:00:01] And now Qe5+ would win.} Qc5 {[%emt 0:00:13] Inhibits Qe5+.} ({Don't take} 58... Qe2 59. Qxe2 Rxe2 60. Bf3 $16) 59. Kh2 Qb5 60. Qa8 Qe2 61. Qb7 Ke6 62. Qc6+ Ke7 63. f5 Qxg2+ 64. Qxg2 Rxg2+ 65. Kxg2 {[%emt 0:00:01] Intending Kf3 and mate. KP-KP} Kf6 66. Kf3 {[%emt 0:00:13] Threatening mate with Kf4.} Kxf5 67. g4+ hxg4+ {[%emt 0:00:00] KP-KP} 68. Kg3 Kg6 69. Kxg4 {[%emt 0:00:00] KP-K} Kh6 70. h5 Kh7 71. Kg5 Kg7 72. h6+ Kh7 73. Kh5 Kh8 74. Kg6 Kg8 75. h7+ Kh8 76. Kh6 {[%emt 0:00:00] A balanced but interesting game.  Weighted Error Value: White=0.03 (flawless) /Black=0.05 (flawless)} 1/2-1/2

[Event "FTX Crypto Cup MCCT 2022"]
[Site "Miami"]
[Date "2022.08.11"]
[Round "3.3"]
[White "Giri, Anish"]
[Black "Firouzja, Alireza"]
[Result "1/2-1/2"]
[ECO "E04"]
[WhiteElo "2760"]
[BlackElo "2793"]
[Annotator "TA"]
[PlyCount "64"]
[EventDate "2022.08.10"]
[EventType "tourn"]
[EventCountry "USA"]
[SourceTitle "playchess.com"]
[Source "ChessBase"]
[SourceQuality "1"]
[TimeControl "900+10"]

1. d4 Nf6 2. c4 e6 3. Nf3 d5 4. g3 dxc4 5. Bg2 c5 6. O-O Nc6 7. Qa4 Bd7 8. Qxc4 cxd4 9. Nxd4 Rc8 10. Nc3 Nxd4 11. Qxd4 Bc5 12. Qh4 Bc6 13. Rd1 Qa5 {[%emt 0:01:13] E04: Open Catalan: 5 Nf3.} 14. Bd2 Be7 {[%emt 0:01:23] [#] The position is equal.} 15. Nd5 $1 Nxd5 16. Qxe7+ Nxe7 17. Bxa5 Bxg2 18. Kxg2 Nc6 19. Bc3 f6 {[%emt 0:00:07] [#]} 20. Rd3 $146 ({Predecessor:} 20. b4 a6 21. a4 Ne7 22. Be1 f5 23. Rd6 Rc6 24. Rxc6 bxc6 25. Rd1 Nd5 26. Kf3 {½-½ (53) Ftacnik,L (2520)-Peters,J (2485) Hastings 1981}) 20... Ke7 21. Rad1 {[%emt 0:00:02] [#] aiming for Rd7+.} Rhd8 {[%emt 0:00:10] Prevents Rd7+.} 22. Rxd8 Rxd8 23. Rxd8 Kxd8 $11 {[%emt 0:00:18][%mdl 4096] Endgame KB-KN} 24. f4 Ke7 25. Kf3 g6 26. e4 b5 27. Ke3 f5 28. Kd3 a6 29. Bd2 Kf7 30. Bc3 Ke7 31. Bd2 Kf7 32. Bc3 Ke7 {[%emt 0:00:01] Weighted Error Value: White=0.05 (flawless) /Black=0.02 (flawless)} 1/2-1/2

[Event "FTX Crypto Cup MCCT 2022"]
[Site "Miami"]
[Date "2022.08.11"]
[Round "3.3"]
[White "Le, Quang Liem"]
[Black "Duda, Jan-Krzysztof"]
[Result "1/2-1/2"]
[ECO "D24"]
[WhiteElo "2722"]
[BlackElo "2750"]
[Annotator "TA"]
[PlyCount "142"]
[EventDate "2022.08.10"]
[EventType "tourn"]
[EventCountry "USA"]
[SourceTitle "playchess.com"]
[Source "ChessBase"]
[SourceQuality "1"]
[TimeControl "900+10"]

1. d4 Nf6 2. Nf3 d5 3. c4 e6 4. Nc3 dxc4 5. e4 Bb4 6. Bxc4 {[%emt 0:00:21] D24: Queen's Gambit Accepted: 3 Nf3 Nf6 4 Nc3.} Nxe4 7. O-O Nxc3 8. bxc3 (8. Qb3 Nd5 9. Bxd5 Qxd5 $17) 8... Bd6 9. Ng5 {[%emt 0:00:10][%mdl 1024] [#] White has compensation.} Nd7 $146 (9... h6 $11 10. Ne4 O-O) ({Predecessor:} 9... h6 10. Qh5 O-O 11. Ne4 f5 12. Nxd6 cxd6 13. Bxh6 gxh6 14. Qg6+ Kh8 15. Qxh6+ Kg8 16. Qg6+ Kh8 17. Qh6+ Kg8 18. Qg6+ {½-½ (18) Lenic,L (2644)-Aronian,L (2758) Batumi 2019}) 10. Qh5 {[%emt 0:01:10][%csl Gg5,LRe6,LRf7,LRh7][%cal Rh5f7] [#]} g6 11. Qh6 Nf6 12. Qg7 Rf8 13. Re1 ({Of course not} 13. Nxh7 $6 Nxh7 14. Qxh7 Qf6 $15) 13... Qe7 14. Nf3 {[%emt 0:02:21][%cal Od4d5] White is much more active. The black rooks are badly placed.} (14. Nxh7 $6 Nxh7 15. Qxh7 Qf6 $15) 14... Nh5 15. Qxh7 Qf6 16. Bg5 Qh8 17. Qxh8 Rxh8 18. Bd2 (18. Ne5 $16) 18... Ng7 19. Ne5 Kf8 20. Re4 Nf5 21. Bg5 Kg7 22. Ng4 {[%emt 0:00:03] Prevents f6.} Be7 {[%emt 0:00:01] Inhibits Bf6+.} 23. Bxe7 Nxe7 24. Ne5 a5 25. Rae1 a4 26. Rf4 Nf5 27. Bd3 Ra5 28. g3 Rf8 29. h4 Ne7 30. Rf3 b6 31. g4 Bb7 {[%emt 0:00:35] [#] Threatens to win with ...Rxe5.} 32. Rg3 Bd5 (32... Rh8 $11 {remains equal.}) 33. a3 (33. c4 $16) 33... f6 34. Nc4 Rb5 35. Ne3 Rb3 36. Bc2 Rxa3 {[%emt 0:00:21] ...Bb3 is the strong threat.} 37. c4 $1 (37. Nxd5 Nxd5 38. Rxe6 Ra1+ 39. Kh2 Nf4 $17) 37... Bc6 38. d5 exd5 39. Nf5+ $1 Nxf5 40. Rxa3 Nxh4 41. Re6 Bd7 42. Re7+ Rf7 43. Rxf7+ Kxf7 44. cxd5 $11 {[%emt 0:00:27][%mdl 4096] Endgame KRB-KBN} (44. Bxa4 $11 Bxa4 45. Rxa4) 44... b5 $17 45. Rc3 Ke7 {[%emt 0:00:23] Strongly threatening ...Kd6.} (45... Bxg4 $6 46. Rxc7+ Ke8 47. Kf1 $14) 46. Rxc7 Kd6 47. Rb7 Nf3+ ({Reject} 47... Bxg4 $6 48. Rxb5 Nf3+ 49. Kg2 $11) 48. Kf1 Ne5 (48... Nd4 $17 49. Bxg6 Bxg4) 49. f4 $11 {[%emt 0:00:55] The position is equal.} Nxg4 {[%emt 0:00:03] aiming for ...Ne3+.} 50. Bd3 Ne3+ 51. Kf2 $132 {[%emt 0:00:01][%mdl 2048] White is not holding back} Nxd5 52. Bxb5 Bxb5 53. Rxb5 Nxf4 {[%emt 0:00:00] KR-KN} (53... Nc3 $5 54. Ra5 Ne4+ 55. Ke2 Nc5 $11) 54. Ke3 g5 55. Ra5 Nd5+ 56. Ke4 Nc3+ 57. Kd4 Ne2+ 58. Ke3 $1 Nf4 59. Ke4 $1 Ne6 60. Ra6+ Ke7 {[%emt 0:00:03] ( -> ...Nc5+)} 61. Ra7+ Kd8 62. Kf5 Nc5 63. Ra5 Nd7 64. Ke6 {[%emt 0:00:17] And now Rd5 would win.} Nb6 {[%emt 0:00:17] Inhibits Rd5+.} 65. Kxf6 g4 66. Rg5 a3 67. Rxg4 a2 68. Rg1 Nd5+ 69. Ke5 Nc3 70. Ra1 Kc7 71. Rxa2 Nxa2 {[%emt 0:00:01] Weighted Error Value: White=0.14 (very precise) /Black=0.13 (very precise)} 1/2-1/2

[Event "FTX Crypto Cup MCCT 2022"]
[Site "Miami"]
[Date "2022.08.11"]
[Round "3.3"]
[White "Niemann, Hans Moke"]
[Black "Praggnanandhaa R"]
[Result "1/2-1/2"]
[ECO "B30"]
[WhiteElo "2688"]
[BlackElo "2648"]
[Annotator "TA"]
[PlyCount "68"]
[EventDate "2022.08.10"]
[EventType "tourn"]
[EventCountry "USA"]
[SourceTitle "playchess.com"]
[Source "ChessBase"]
[SourceQuality "1"]
[TimeControl "900+10"]

1. e4 c5 2. Nf3 Nc6 3. Bb5 e6 4. O-O Nge7 5. Re1 h6 (5... a6 $11 6. Bxc6 Nxc6) 6. b3 {[%emt 0:00:10] B30: Sicilian: 2...Nc6 3 Bb5, lines without ...g6.} (6. c3 $5 ) 6... a6 7. Bxc6 Nxc6 8. Bb2 {[%emt 0:00:01] White is slightly better.} b5 9. a4 {[%emt 0:00:00] And now axb5 would win.} b4 10. d3 {[%emt 0:00:00][%cal Oa4a5] [#]} d6 $146 ({Predecessor:} 10... h5 11. Nbd2 f6 12. e5 d5 13. exd6 Bxd6 14. Nc4 Bc7 15. Qe2 Qd5 16. Rad1 e5 {½-½ (32) Nguyen,T (2612)-Tabatabaei,M (2650) Jermuk 2022}) 11. d4 $1 {[%emt 0:00:01] Against e5} cxd4 12. Nxd4 Nxd4 13. Qxd4 Rb8 14. Nd2 e5 $1 15. Qd3 Be7 16. Rad1 O-O 17. Nc4 Bg4 18. Rd2 Bg5 19. Ne3 Qc8 ({But not} 19... Bxe3 20. Rxe3 Qb6 21. h3 $14 (21. Qxd6 f6 $16)) 20. Qxd6 f6 21. Qd3 Rf7 {[%emt 0:05:37] [#] aiming for ...Rd7.} 22. Qf1 Rc7 23. f3 $1 Bxe3+ 24. Rxe3 Rxc2 25. Rxc2 Qxc2 26. fxg4 Qxb2 $11 {[%emt 0:00:03][%mdl 4096] Endgame KQR-KQR} 27. Qc4+ Kh7 28. Rd3 {[%emt 0:00:03] [#] Inhibits Rd8.} (28. h3 $11) 28... Rc8 29. Qxc8 {[%emt 0:00:03] Intending Qf5+ and mate. The position is equal.} Qb1+ 30. Kf2 {[%emt 0:00:01] White wants to mate with Qf5+.} Qxd3 31. Qf5+ Kh8 32. Qc8+ Kh7 {[%emt 0:00:01] Hoping for ...Qd2+.} 33. Qf5+ Kh8 34. Qc8+ Kh7 {[%emt 0:00:00] Weighted Error Value: White=0.11 (very precise) /Black=0.09 (flawless)} 1/2-1/2